 Dungeon Crawl Stone Soup version 0.30.1-9-gdf580d7c3d (webtiles) character file.

Game seed: 2898077345609297910

24 lonewolfV2 the Conjurer (level 2, -4/11 HPs)
             Began as a Felid Conjurer on Oct 13, 2023.
             Slain by a worm (8 damage)
             ... on level 2 of the Dungeon.
             The game lasted 00:02:14 (1060 turns).

lonewolfV2 the Conjurer (Felid Conjurer)            Turns: 1060, Time: 00:02:15

Health: -4/11      AC:  1    Str:  3    XL:     2   Next: 79%
Magic:  0/6        EV: 17    Int: 19    God:
Gold:   87         SH:  0    Dex: 14    Spells: 3/6 levels left
                                        Lives:  0   Deaths: 0

rFire   . . .        (weapon unavailable)
rCold   . . .        (shield unavailable)
rNeg    . . .        (body armour unavailable)
rPois   .            (helmet unavailable)
rElec   .            (cloak unavailable)
rCorr   .            (gloves unavailable)
SInv    +            (boots unavailable)
Will    .....        (no amulet)
Stlth   ++           (no ring)
HPRegen 0.21/turn    (no ring)
MPRegen 0.10/turn

%: no passive effects
@: quick
A: very small, claws 1, fangs 3, see invisible, speed 1, shaggy fur 1, stealthy
paws, no weapons or thrown items, no armour, multi-lived
a: no special abilities


You were on level 2 of the Dungeon.
You visited 1 branch of the dungeon, and saw 2 of its levels.

You collected 87 gold pieces.

Inventory:

Jewellery
 h - a ring of flight
Scrolls
 b - 3 scrolls of enchant armour {unknown}
 c - 3 scrolls of identify {unknown}
 d - a scroll of poison {unknown}
 g - a scroll of vulnerability {unknown}
 i - a scroll of immolation {unknown}
 j - a scroll of blinking {unknown}
 k - a scroll of enchant weapon {unknown}
Potions
 a - 2 potions of magic
 e - a potion of lignification {unknown}
 f - a potion of mutation {unknown}


   Skills:
 - Level 2.7 Dodging
 - Level 2.7 Stealth
 + Level 2.6 Spellcasting
 + Level 4.0 Conjurations


You had 3 spell levels left.
You knew the following spells:

 Your Spells              Type           Power      Damage    Failure   Level
a - Magic Dart            Conj           68%        1d6       3%          1
b - Searing Ray           Conj           34%        2d5       4%          2

Your spell library contained the following spells:

 Spells                   Type           Power      Damage    Failure   Level
 Shock                    Conj/Air       40%        1d5       7%          1
 Dazzling Flash           Conj/Hex       20%        N/A       21%         3
 Cigotuvi's Dreadful Rot  Necr/Pois/Air  4%         N/A       24%         2
 Ignite Poison            Fire/Tmut/Pois 2%         N/A       43%         3
 Swiftness                Air            2%         N/A       43%         3
 Fulminant Prism          Conj/Hex       5%         3d7       56%         4
 Iskenderun's Mystic Bla  Conj/Tloc      10%        2d4       56%         4
 Airstrike                Air            1%         2d(1-17)  85%         4
 Freezing Cloud           Conj/Ice/Air   3%         6-21      94%         5


Dungeon Overview and Level Annotations

Branches:
Dungeon (2/15)

Altars:

Shops:
D:1 ?


Innate Abilities, Weirdness & Mutations

You have sharp claws.
You have razor-sharp teeth.
You have supernaturally acute eyesight. (SInv)
You cover ground quickly. (Speed+)
You are covered in fur. (AC +1)
Your paws help you pounce on unaware monsters.
You are incapable of wielding weapons or throwing items.
You cannot wear armour.
You gain extra lives every three experience levels.


Message History

The magic dart hits the worm.
The worm is heavily wounded.
You scratch the worm.
The worm is severely wounded.
The worm barely misses you.
You scratch the worm but do no damage.
The worm is severely wounded.
The worm misses you.
You scratch the worm.
The worm is severely wounded.
You barely miss the worm. Your bite misses the worm.
The worm is severely wounded.
The worm bites you but does no damage.
You scratch the worm but do no damage.
The worm is severely wounded.
You scratch the worm.
The worm is almost dead.
The worm misses you.
You scratch the worm but do no damage.
The worm is severely wounded.
The worm completely misses you.
Casting: Magic Dart (safe; 3% risk of failure)
Confirm with . or Enter, or press ? or * to list all spells.
Aiming: Magic Dart (safe; 3% risk of failure)
Press: ? - help, Shift-Dir - straight line, f/p - worm
Aim: a worm (severely wounded, 100% to hit)
The magic dart hits the worm but does no damage.
The worm is severely wounded.
You barely miss the worm.
The worm is severely wounded.
The worm bites you!
Ouch! That really hurt!
You scratch the worm.
The worm is severely wounded.
Unknown command.
You scratch the worm but do no damage.
The worm is severely wounded.
The worm bites you!
Ouch! That really hurt!
You die...

##)..........## #.##...
#............###....##
##.................####
#.................w....
##.......>..##).....##.
#.....................
#..........)#........#
#....w......#####.....
#....@......#######...
#........<.....####..#
##........#..........#
##......###..#...##.#
######## ##...#....#
###.........
#...........
#...#.........
#.............


You could see a worm.

Vanquished Creatures
  A dart slug (D:2)
  A bat (D:1)
  5 endoplasms
  2 goblins (D:2)
  2 hobgoblins
  A kobold (D:2)
  A quokka (D:2)
  A ball python (D:2)
  A frilled lizard (D:1)
  5 rats
20 creatures vanquished.

Notes
Turn   | Place    | Note
-------+----------+-------------------------------------------
     0 | D:1      | lonewolfV2 the Felid Conjurer began the quest for the Orb.
     0 | D:1      | Reached XP level 1. HP: 7/7 MP: 4/4
   279 | D:1      | Found Jekk's Magic Scroll Shop.
   433 | D:1      | Reached XP level 2. HP: 11/11 MP: 1/6
   579 | D:2      | Learned a level 2 spell: Searing Ray
   814 | D:2      | Reached skill level 4 in Conjurations
  1060 | D:2      | Slain by a worm

Illustrated notes

Levels and vault maps discovered:
D:1:      nzn_arrival_settlement, layout_rooms, serial_shops, nicolae_shop_stone
D:2:      layout_rooms, roderic_lattice_a, feat_on_display,
          uniq_crazy_yiuf_cottage

Skill      XL: |  1  2 |
---------------+-------+-----
Conjurations   | 4 |  4.0
Dodging        | |  2.7
Stealth        | |  2.7
Spellcasting   | |  2.6

Action                     || total
---------------------------++-------
  Melee: Unarmed           ||    12
   Cast: Magic Dart        ||    47
         Searing Ray       ||     1
 Armour: Skin              ||     1
  Dodge: Dodged            ||     6
